 Dungeon Crawl Stone Soup version 0.28.0-53-g5a82cb258f (webtiles) character file.

Game seed: 9319770600368080063

1484 nonceun the Cleaver (level 8, -2/96 HPs)
             Began as a Minotaur Berserker on July 14, 2022.
             Was a Priest of Trog.
             Slain by an ogre
             ... wielding a +0 giant spiked club
              (32 damage)
             ... on level 6 of the Dungeon.
             The game lasted 00:15:32 (5837 turns).

nonceun the Cleaver (Minotaur Berserker)            Turns: 5837, Time: 00:15:33

Health: -2/96      AC:  9    Str: 23    XL:     8   Next: 50%
Magic:  7/7        EV:  9    Int:  4    God:    Trog [***...]
Gold:   291        SH:  0    Dex: 11    Spells: 7/7 levels left

rFire   . . .      SeeInvis .   a - +0 hand axe
rCold   . . .      Faith    .   (no shield)
rNeg    . . .      Spirit   .   x - +0 chain mail
rPois   .          Reflect  .   (helmet restricted)
rElec   .          Harm     .   o - scarf {+Inv}
rCorr   .          Rampage  .   (no gloves)
Will    +++..                   (no boots)
Stlth   ..........              (no amulet)
HPRegen 1.26/turn               b - ring of willpower
MPRegen 0.10/turn               (no ring)

@: berserking, strong-willed, regenerating, very quick
A: horns 2, retaliatory headbutt
a: Renounce Religion, Evoke Invisibility, Berserk, Trog's Hand


You were on level 6 of the Dungeon.
You worshipped Trog.
Trog was most pleased with you.
You visited 1 branch of the dungeon, and saw 6 of its levels.
You also visited: Ossuary.

You collected 291 gold pieces.

Inventory:

Hand Weapons
 a - a +0 hand axe (weapon)
Missiles
 q - 42 stones (quivered)
Armour
 o - a scarf of invisibility (worn)
 x - a +0 chain mail (worn)
Jewellery
 b - a ring of willpower (left hand)
 g - a ring of poison resistance
Scrolls
 d - 9 scrolls of identify {unknown}
 f - 4 scrolls of vulnerability {unknown}
 h - a scroll of fear {unknown}
 i - 2 scrolls of immolation {unknown}
 j - 2 scrolls of holy word {unknown}
 n - a scroll of torment {unknown}
 p - 3 scrolls of noise {unknown}
 s - 2 scrolls of amnesia {unknown}
 t - a scroll of magic mapping {unknown}
 v - 3 scrolls of enchant armour {unknown}
 w - a scroll of enchant weapon {unknown}
 y - a scroll of blinking {unknown}
 z - a scroll of teleportation {unknown}
 A - a scroll of silence {unknown}
Potions
 c - 3 potions of degeneration {unknown}
 e - 2 potions of mutation {unknown}
 k - a potion of resistance {unknown}
 l - a potion of ambrosia {unknown}
 m - 7 potions of curing {unknown}
 r - 4 potions of lignification {unknown}
 u - a potion of flight {unknown}
 B - 2 potions of attraction {unknown}


   Skills:
 - Level 3.6 Fighting
 - Level 10.0 Axes
 - Level 5.0 Armour
 + Level 4.3 Dodging
 * Level 4.5 Evocations


You had 7 spell levels left.
You didn't know any spells.
Your spell library contained the following spells:

 Spells                   Type           Power      Damage    Failure   Level
 Foxfire                  Conj/Fire      0%         2x1d4     99%         1
 Blink                    Tloc           0%         N/A       99%         2
 Corpse Rot               Necr/Air       0%         N/A       99%         2
 Poisonous Vapours        Pois/Air       0%         N/A       99%         2
 Conjure Flame            Conj/Fire      0%         6-21      100%        3
 Inner Flame              Hex/Fire       0%         N/A       100%        3
 Lesser Beckoning         Tloc           0%         N/A       100%        3
 Animate Dead             Necr           0%         N/A       100%        4
 Flame Wave               Conj/Fire      0%         2d4       100%        4
 Manifold Assault         Tloc           0%         N/A       100%        5
 Haunt                    Necr/Summ      0%         N/A       100%        7
 Infestation              Necr           0%         N/A       100%        8


Dungeon Overview and Level Annotations

Branches:
Dungeon (6/15)            Ossuary (visited)
 Temple: D:4-7

Altars:
Qazlal
Vehumet
Xom

Shops:
D:5 [

Annotations:
D:5 2 runed translucent doors, Sin92's ghost, novice DsWz


Innate Abilities, Weirdness & Mutations

You have a pair of horns on your head.
You reflexively headbutt those who attack you in melee.


Message History

The steam dragon is heavily wounded.
The steam dragon barely misses you. The steam dragon closely misses you.
You barely miss the steam dragon.
The steam dragon is heavily wounded.
The steam dragon breathes steam at you. The ball of steam misses you.
You hear a shout! x2
You hit the steam dragon but do no damage.
The steam dragon is heavily wounded.
The steam dragon bites you but does no damage.
The steam dragon closely misses you.
You barely miss the steam dragon.
The steam dragon is heavily wounded.
You hit the steam dragon but do no damage.
The steam dragon is heavily wounded.
The steam dragon bites you.
The steam dragon claws you but does no damage.
You slash the steam dragon! You headbutt the steam dragon.
You kill the steam dragon!
Trog accepts your kill.
An ogre comes into view. It is wielding a +0 giant spiked club.
An iguana comes into view.
The iguana hisses angrily.
You hit the ogre.
The ogre is lightly wounded.
The ogre hits you with a +0 giant spiked club!
You slash the ogre! You headbutt the ogre!
The ogre is almost dead.
You closely miss the ogre.
The ogre is almost dead.
The ogre hits you with a +0 giant spiked club!
Your skin crawls.
You feel strong-willed.
The ogre hits you with a +0 giant spiked club!
* * * LOW HITPOINT WARNING * * *
Unknown command.
A red film seems to cover your vision as you go berserk!
You feel yourself moving faster!
You feel mighty!
The ogre hits you with a +0 giant spiked club!!
You die...

#..... #....
#...... #... .
#.?#.# #..#.##..
# # #........
..###.##..#####.
.....lO@†.......
..##..##.#######
.........#
...#.###.# ..
#.###.# .
#.....# .
#..##.#
.......#..##.##
..............#


You could see an ogre and an iguana.

Vanquished Creatures
  A steam dragon (D:6)
  Duvessa (D:4)
  A sky beast (D:5)
  An ogre (D:5)
  3 elf zombies (Ossuary)
  Blork the orc (D:4)
  A scorpion (D:6)
  Dowan (D:4)
  A wyvern skeleton (D:6)
  A water moccasin zombie (D:5)
  3 wights (D:4)
  A howler monkey (D:4)
  A hound (D:4)
  A jelly (D:4)
  A human zombie (Ossuary)
  2 iguanas (D:5)
  2 orc wizards (D:4)
  2 hound zombies
  A hound skeleton (D:5)
  4 mummies (Ossuary)
  A howler monkey skeleton (D:5)
  6 adders
  2 adder zombies
  An adder skeleton (D:4)
  2 worms
  A dart slug (D:1)
  6 orcs
  4 endoplasms
  4 giant cockroaches
  A gnoll zombie (Ossuary)
  6 goblins
  8 hobgoblins
  12 jackals
  A quokka (D:1)
  6 ball pythons
  4 frilled lizards
  2 goblin zombies (Ossuary)
  A hobgoblin zombie (Ossuary)
  A jackal skeleton (D:4)
  A jackal zombie (Ossuary)
  3 kobolds
  5 rats
  A rat zombie (Ossuary)
109 creatures vanquished.

Notes
Turn   | Place    | Note
-------+----------+-------------------------------------------
     0 | D:1      | nonceun the Minotaur Berserker began the quest for the Orb.
     0 | D:1      | Reached XP level 1. HP: 19/19 MP: 0/0
    41 | D:1      | Reached skill level 4 in Axes
   307 | D:1      | Reached XP level 2. HP: 26/26 MP: 1/1
   709 | D:1      | Reached skill level 5 in Axes
  1004 | D:2      | Reached ** piety under Trog
  1005 | D:2      | Reached XP level 3. HP: 31/31 MP: 2/2
  1928 | D:3      | Reached skill level 6 in Axes
  1928 | D:3      | Reached XP level 4. HP: 27/39 MP: 3/3
  2993 | D:4      | Noticed Duvessa
  2994 | D:4      | Found a sand-covered staircase.
  2995 | D:4      | Noticed Dowan
  3000 | D:4      | Killed Duvessa
  3001 | D:4      | Reached skill level 7 in Axes
  3001 | D:4      | Reached skill level 1 in Evocations
  3001 | D:4      | Reached XP level 5. HP: 45/45 MP: 4/4
  3008 | D:4      | Killed Dowan
  3014 | Ossuary  | Entered an ossuary
  3023 | Ossuary  | Reached XP level 6. HP: 20/51 MP: 5/5
  3076 | Ossuary  | Reached skill level 8 in Axes
  3082 | Ossuary  | Reached XP level 7. HP: 28/57 MP: 6/6
  3856 | D:4      | Noticed Blork the orc
  3878 | D:4      | Killed Blork the orc
  3933 | D:4      | Found a shimmering altar of Xom.
  3934 | D:4      | Found a stormy altar of Qazlal.
  3998 | D:4      | Reached skill level 9 in Axes
  4331 | D:4      | Reached skill level 5 in Armour
  4550 | D:5      | Entered Level 5 of the Dungeon
  4571 | D:5      | Reached *** piety under Trog
  4572 | D:5      | Reached XP level 8. HP: 56/64 MP: 7/7
  4575 | D:5      | Identified the +10 dagger of Keabeas {freeze, rElec rPois
                  | rN++ Int+2}
  4731 | D:5      | Found Ipperuna's Antique Armour Shop.
  4795 | D:5      | Found a runed translucent door.
  4804 | D:5      | Noticed Sin92's ghost (novice DsWz)
  4857 | D:5      | Found a runed translucent door.
  5100 | D:5      | Reached skill level 10 in Axes
  5686 | D:6      | Found a radiant altar of Vehumet.
  5837 | D:6      | Slain by an ogre

Illustrated notes

Levels and vault maps discovered:
D:1:      tarquinn_simple_flora_water_a, layout_basic, nrook_loot_triangle
D:2:      layout_loops_corners
D:3:      layout_basic
D:4:      layout_rooms, grunt_temple_overflow_open, enter_ossuary_1,
          uniq_duvessa, uniq_blork_the_orc
D:5:      layout_cave_pods, serial_shops, shop, ebering_ghost_sewer_f,
          bh_walls_and_bars
D:6:      layout_basic, mainiacjoe_overflow_boulevard

Skill      XL: |  1  2  3  4  5  6  7  8 |
---------------+-------------------------+-----
Axes           | 4 5 6 7 8 9 10 | 10.0
Armour         | 3 4 5 |  5.0
Evocations     | 1 2 3 4 |  4.5
Dodging        | 3 4 |  4.3
Fighting       | |  3.6

Action                   |  1- 3 |  4- 6 |  7- 9 || total
-------------------------+-------+-------+-------++-------
Melee: Hand axe          |    74 |    74 |   166 ||   314
       Headbutt          |     7 |     9 |    31 ||    47
       Punch             |       |     1 |     5 ||     6
Invok: Berserk           |     1 |     2 |     2 ||     5
       Trog's Hand       |       |     4 |     2 ||     6
Armor: Animal skin       |     4 |       |       ||     4
       Leather armour    |     4 |     9 |       ||    13
       Ring mail         |       |    35 |    12 ||    47
       Chain mail        |       |       |    32 ||    32
Dodge: Dodged            |    41 |    59 |    44 ||   144
